 Dungeon Crawl Stone Soup version 0.21.1-1-g345015f (webtiles) character file.

39785 joklet the Eclecticist (level 13, 0/76 HPs)
             Began as a Deep Elf Conjurer on Mar 15, 2018.
             Was a High Priest of Vehumet.
             Slain by a red ugly thing (14 damage)
             ... on level 13 of the Dungeon.
             The game lasted 01:13:25 (13124 turns).

joklet the Eclecticist (Deep Elf Conjurer)         Turns: 13124, Time: 01:13:27

Health: 0/76       AC: 13    Str:  5    XL:     13   Next: 71%
Magic:  11/47      EV: 13    Int: 26    God:    Vehumet [*****.]
Gold:   289        SH:  0    Dex: 15    Spells: 19/51 levels left

rFire    . . .     SeeInvis .   l - +2 scimitar (flame)
rCold    . . .     Gourm    .   (no shield)
rNeg     . . .     Faith    .   z - +2 robe {Archmagi}
rPois    .         Spirit   .   r - +0 helmet
rElec    .         Reflect  .   G - +2 cloak
rCorr    .         Harm     .   (no gloves)
MR       +....                  s - +0 pair of boots
Stlth    ++........             a - amulet of magic regeneration
HPRegen  0.22/turn              f - +4 ring of protection
MPRegen  0.55/turn              K - ring of magical power

@: no status effects
A: no striking features
a: Renounce Religion


You were on level 13 of the Dungeon.
You worshipped Vehumet.
Vehumet was extremely pleased with you.
You were hungry.

You visited 3 branches of the dungeon, and saw 15 of its levels.
You also visited: Ossuary.

You collected 667 gold pieces.
You spent 378 gold pieces at shops.

Inventory:

Hand Weapons
 l - a +2 scimitar of flaming (weapon)
 p - the +6 flail of Oxzox {freeze, *Contam *Corrode +Inv Int+5}
   (You found it on level 11 of the Dungeon)

   It has been specially enchanted to freeze those struck by it, causing extra
   injury to most foes and up to half again as much damage against particularly
   susceptible opponents.
   It can also slow down cold-blooded creatures.
   It affects your intelligence (+5).
   It lets you turn invisible.
   It causes magical contamination when unequipped.
   It may corrode you when you take damage.
 M - a +3 short sword
 P - a +1 great sword of flaming
 T - a +0 shortbow
 X - a +0 blowgun
Missiles
 B - 52 poisoned needles
 V - 68 arrows
 W - 7 curare-tipped needles
Armour
 g - a +0 shield
 k - a +0 buckler
 n - a +1 hat
 o - a +1 robe of magic resistance
 r - a +0 helmet (worn)
 s - a +0 pair of boots (worn)
 z - a +2 robe of the Archmagi (worn)
 A - a +0 large shield
 G - a +2 cloak (worn)
Jewellery
 a - an amulet of magic regeneration (around neck)
 f - a +4 ring of protection (left hand)
 i - an uncursed ring of protection from fire
 K - a ring of magical power (right hand)
 N - an uncursed ring of positive energy
Wands
 v - a wand of paralysis (25)
 y - a wand of iceblast (10)
 I - a wand of flame (69)
 L - a wand of acid (19)
 O - a wand of scattershot (1)
Scrolls
 d - 4 scrolls of identify
 e - 2 scrolls of teleportation
 j - a scroll of fog
 t - 11 scrolls of remove curse
 u - 3 scrolls of magic mapping
 E - 2 scrolls of immolation
Potions
 h - 2 potions of curing
 m - 2 potions of brilliance
 w - 3 potions of lignification
 x - 3 potions of ambrosia
 C - 2 potions of haste
 J - 2 potions of cancellation
Books
 b - a book of Conjurations

   Spells                             Type                      Level
   a - Magic Dart                     Conjuration                  1
   b - Searing Ray                    Conjuration                  2
   c - Dazzling Spray                 Conjuration/Hexes            3
   d - Fulminant Prism                Conjuration/Hexes            4
   e - Force Lance                    Conjuration/Translocation    4
   f - Iskenderun's Mystic Blast      Conjuration                  4
 D - a book of Minor Magic

   Spells                             Type                      Level
   a - Magic Dart                     Conjuration                  1
   b - Blink                          Translocation                2
   c - Call Imp                       Summoning                    2
   d - Slow                           Hexes                        2
   e - Conjure Flame                  Conjuration/Fire             3
   f - Mephitic Cloud                 Conjuration/Poison/Air       3
 U - a book of Necromancy

   Spells                             Type                      Level
   a - Pain                           Necromancy                   1
   b - Animate Skeleton               Necromancy                   1
   c - Vampiric Draining              Necromancy                   3
   d - Regeneration                   Charms/Necromancy            3
   e - Animate Dead                   Necromancy                   4
   f - Borgnjor's Vile Clutch         Necromancy/Earth             5
Miscellaneous
 Q - a phantom mirror
Comestibles
 c - 18 rations


   Skills:
 + Level 6.6 Fighting
 - Level 4.5 Long Blades
 - Level 2.4 Dodging
 - Level 2.4 Stealth
 * Level 19.8 Spellcasting
 + Level 11.6 Conjurations
 - Level 4.1 Summonings
 - Level 4.6 Translocations
 + Level 7.3 Earth Magic


You had 19 spell levels left.
You knew the following spells:

 Your Spells              Type           Power        Failure   Level  Hunger
a - Magic Dart            Conj           ####         0%          1    None
b - Searing Ray           Conj           ######       0%          2    None
d - Iskenderun's Mystic   Conj           #######.     1%          4    None
e - Force Lance           Conj/Tloc      #######.     1%          4    None
f - Sandblast             Erth           ######       1%          1    None
g - Mephitic Cloud        Conj/Pois/Air  ######..     1%          3    None
h - Blink                 Tloc           N/A          1%          2    None
i - Call Imp              Summ           ######..     1%          2    None
j - Venom Bolt            Conj/Pois      ######....   1%          5    None
k - Borgnjor's Vile Clut  Necr/Erth      ######....   10%         5    None
l - Regeneration          Chrm/Necr      #####.....   4%          3    None


Dungeon Overview and Level Annotations

Branches:
Dungeon (13/15)            Temple (1/1) D:4            Lair (1/6) D:9
    Orc (0/2) D:12
 Vaults: D:13-14

Altars:
Ashenzari
Cheibriados
Dithmenos
Elyvilon
Fedhas
Gozag
Hepliaklqana
Kikubaaqudgha
Makhleb
Nemelex Xobeh
Okawaru
Qazlal
Ru
Sif Muna
Trog
Uskayaw
Vehumet
Wu Jian
Xom
Yredelemnul
Zin
The Shining One

Shops:
D:7 }   D:9 !


Message History

Aiming: Force Lance
Press: ? - help, Shift-Dir - straight line, f/p - sphinx
Aim: a sphinx (severely wounded)
You feel a surge of power!
The lance of force hits the sphinx.
The sphinx is almost dead.
The sphinx is knocked back by the lance of force.
The orc warrior shouts!
The red ugly thing misses you.
Casting: Force Lance
Confirm with . or Enter, or press ? or * to list all spells.
Aiming: Iskenderun's Mystic Blast
Press: ? - help, Shift-Dir - straight line, f/p - sphinx
Aim: a sphinx (almost dead)
You feel a surge of power!
The orb of energy hits the sphinx.
You kill the sphinx!
Vehumet accepts your kill. The red ugly thing claws you.
* * * LOW HITPOINT WARNING * * *
You are engulfed in flames!
You die...

..... ##....#
.o...o #####.o..
#≈≈≈≈≈≈≈ ≈≈≈≈≈
###### #+##
#..@.# ≈..# ≈≈
#....us##≈≈.C#
≈≈#..##†#..#≈≈..#
≈≈#. $$#..#≈≈..#
≈≈#.. |$#..#≈≈..#
≈≈#.?####..#≈≈..+
≈≈ #......##≈≈..#
≈≈≈ #..s.##≈≈≈..#
.≈≈8##'§##8≈≈# ##


You could see a red ugly thing, an orc warrior, a scorpion, an orc priest and an
orc.

Vanquished Creatures
  A sphinx (D:13)
  A fire giant (D:12)
  A war gargoyle (D:12)
  A very ugly thing (D:11)
  Snorg (D:12)
  2 hydras
  Erica (D:9)
  A centaur warrior (D:12)
  2 two-headed ogres
  Sonja (D:11)
  An unseen horror (D:12)
  The ghost of Curus the Cruncher, a novice DsGl of Makhleb (D:8)
  A flayed ghost (D:12)
  2 wizards (D:11)
  13 ugly things
  A manticore (D:11)
  The ghost of joklet the Thaumaturge, a novice DECj of Vehumet (D:6)
  2 trolls
  Prince Ribbit (D:7)
  A hornet (D:12)
  A hippogriff (D:7)
  A spriggan (D:7)
  Sigmund (D:2)
  2 shadows
  3 wyverns
  2 water elementals (D:13)
  3 hungry ghosts
  A wraith (D:11)
  6 yaks (D:11)
  An acid dragon (D:11)
  2 water moccasins
  8 orc warriors
  A hornet zombie (D:9)
  3 ice beasts
  3 black bears
  2 phantoms
  3 sky beasts
  2 eyes of draining
  A necrophage (D:6)
  6 ogres
  4 centaurs
  A crocodile (D:11)
  4 big kobolds
  3 bullfrogs
  A wyvern zombie (D:12)
  3 gnoll sergeants
  A water moccasin zombie (Ossuary)
  6 scorpions
  15 killer bees
  9 wights
  A howler monkey (D:8)
  An electric eel (D:9)
  4 crimson imps
  A quasit (D:9)
  A centaur zombie (D:10)
  A bullfrog zombie (D:5)
  A centaur skeleton (D:4)
  A gnoll shaman (D:8)
  4 orc priests
  Crazy Yiuf (D:7)
  5 hounds
  3 jellies
  A bullfrog skeleton (D:10)
  10 worker ants
  2 iguanas
  13 orc wizards
  4 big kobold zombies (Ossuary)
  2 mummies (Ossuary)
  A hound zombie (D:7)
  A hound skeleton (D:6)
  9 gnolls
  10 adders
  2 shadow imps
  2 adder skeletons
  4 adder zombies
  3 worms
  3 dart slugs (D:1)
  6 leopard geckos
  63 orcs
  A ball python (D:3)
  9 bats
  7 giant cockroaches
  2 gnoll zombies (Ossuary)
  5 goblins
  10 hobgoblins
  27 jackals
  3 quokkas
  2 frilled lizards
  A giant cockroach zombie (D:5)
  9 hobgoblin zombies (Ossuary)
  A jackal zombie (D:4)
  12 kobolds
  2 kobold zombies (Ossuary)
  A leopard gecko skeleton (D:8)
  6 orc zombies
  8 rats
401 creatures vanquished.

Vanquished Creatures (others)
  A fungus (D:8)
1 creature vanquished.

Grand Total: 402 creatures vanquished

Notes
Turn   | Place    | Note
-------+----------+-------------------------------------------
     0 | D:1      | joklet the Deep Elf Conjurer began the quest for the Orb.
     0 | D:1      | Reached XP level 1. HP: 10/10 MP: 6/6
   139 | D:1      | Reached XP level 2. HP: 15/15 MP: 2/8
   243 | D:1      | Reached skill level 4 in Spellcasting
   422 | D:1      | Reached XP level 3. HP: 14/19 MP: 9/11
   895 | D:2      | Learned a level 2 spell: Searing Ray
   899 | D:2      | Learned a level 3 spell: Dazzling Spray
   909 | D:2      | Found a shimmering altar of Xom.
   923 | D:2      | Noticed Sigmund
   944 | D:2      | Killed Sigmund
   944 | D:2      | Reached skill level 7 in Spellcasting
   944 | D:2      | Reached XP level 4. HP: 4/24 MP: 0/15
   944 | D:2      | Reached XP level 5. HP: 5/28 MP: 0/16
  1391 | D:2      | Found a faded altar of an unknown god.
  1503 | D:2      | Found a sparkling altar of Nemelex Xobeh.
  1802 | D:3      | Found a snail-covered altar of Cheibriados.
  1887 | D:3      | Reached skill level 8 in Spellcasting
  2100 | D:3      | Reached XP level 6. HP: 32/32 MP: 16/19
  2286 | D:4      | Found a sand-covered staircase.
  2316 | Ossuary  | Entered an ossuary
  2335 | Ossuary  | Learned a level 4 spell: Iskenderun's Mystic Blast
  2340 | Ossuary  | Learned a level 4 spell: Force Lance
  2760 | Ossuary  | Reached skill level 9 in Spellcasting
  2760 | Ossuary  | Reached skill level 5 in Conjurations
  3097 | D:4      | Reached XP level 7. HP: 28/36 MP: 5/22
  3233 | D:4      | Found a staircase to the Ecumenical Temple.
  3351 | Temple   | Entered the Ecumenical Temple
  3367 | Temple   | Became a worshipper of Vehumet
  3695 | D:4      | Found an opulent altar of Gozag.
  3703 | D:4      | Reached skill level 10 in Spellcasting
  4027 | D:5      | Entered Level 5 of the Dungeon
  4190 | D:5      | Reached * piety under Vehumet
  4190 | D:5      | Offered knowledge of Sandblast by Vehumet.
  4193 | D:5      | Learned a level 1 spell: Sandblast
  4197 | D:5      | Learned a level 3 spell: Mephitic Cloud
  4200 | D:5      | Learned a level 2 spell: Blink
  4203 | D:5      | Learned a level 2 spell: Call Imp
  4293 | D:5      | Found a burning altar of Makhleb.
  4350 | D:5      | Found a sparkling altar of Nemelex Xobeh.
  4402 | D:5      | Found a glowing silver altar of Zin.
  4475 | D:5      | Reached skill level 1 in Translocations
  4488 | D:5      | Reached XP level 8. HP: 20/41 MP: 17/24
  4871 | D:5      | Reached skill level 11 in Spellcasting
  5348 | D:6      | Noticed a two-headed ogre
  5350 | D:6      | Offered knowledge of Freeze by Vehumet.
  6043 | D:6      | Reached ** piety under Vehumet
  6043 | D:6      | Reached skill level 1 in Summonings
  6061 | D:6      | Reached skill level 12 in Spellcasting
  6254 | D:6      | Noticed joklet's ghost (novice DECj)
  6272 | D:6      | Killed joklet's ghost
  6272 | D:6      | Reached XP level 9. HP: 12/45 MP: 14/27
  6568 | D:6      | Killed a two-headed ogre
  6568 | D:6      | Reached skill level 13 in Spellcasting
  6838 | D:6      | Found a shattered altar of Ashenzari.
  6838 | D:6      | Found a deep blue altar of Sif Muna.
  6841 | D:6      | Reached skill level 14 in Spellcasting
  7413 | D:7      | Noticed Prince Ribbit
  7421 | D:7      | Killed Prince Ribbit
  7421 | D:7      | Reached skill level 15 in Spellcasting
  7507 | D:7      | Found Nikky Ymy's Gadget Emporium.
  7522 | D:7      | Bought a wand of iceblast (10) for 154 gold pieces
  7702 | D:7      | Found a runed door.
  7875 | D:7      | Noticed Crazy Yiuf
  7880 | D:7      | Killed Crazy Yiuf
  7880 | D:7      | Reached XP level 10. HP: 41/50 MP: 31/31
  8077 | D:8      | Offered knowledge of Static Discharge by Vehumet.
  8156 | D:8      | Reached *** piety under Vehumet
  8356 | D:8      | Noticed Curus's ghost (novice DsGl)
  8365 | D:8      | Killed Curus's ghost
  8365 | D:8      | Reached skill level 1 in Earth Magic
  8514 | D:8      | Found a blossoming altar of Fedhas.
  8896 | D:9      | Reached skill level 16 in Spellcasting
  8902 | D:9      | Found Nahivoes's Distillery.
  8903 | D:9      | Noticed a two-headed ogre
  8956 | D:9      | Killed a two-headed ogre
  9025 | D:9      | Offered knowledge of Inner Flame by Vehumet.
  9049 | D:9      | Noticed Erica
  9057 | D:9      | Found a staircase to the Lair.
  9061 | Lair:1   | Entered Level 1 of the Lair of Beasts
  9312 | D:9      | Killed Erica
  9408 | D:9      | Found a hide-covered altar of Uskayaw.
  9726 | D:9      | Bought a potion of curing for 42 gold pieces
  9726 | D:9      | Bought a potion of heal wounds for 70 gold pieces
  9726 | D:9      | Bought a potion of cancellation for 112 gold pieces
  9804 | D:9      | Found a glowing golden altar of the Shining One.
  9804 | D:9      | Found a hazy altar of Hepliaklqana.
  9806 | D:9      | Found a white marble altar of Elyvilon.
  9835 | D:10     | Entered Level 10 of the Dungeon
  9843 | D:10     | Noticed a five-headed hydra
  9856 | D:10     | Killed a five-headed hydra
  9856 | D:10     | Reached skill level 1 in Long Blades
  9856 | D:10     | Reached XP level 11. HP: 55/55 MP: 14/33
  9955 | D:10     | Reached skill level 1 in Fighting
 10476 | D:10     | Noticed a red ugly thing
 10483 | D:10     | Killed a red ugly thing
 10483 | D:10     | Reached **** piety under Vehumet
 10715 | D:11     | Offered knowledge of Venom Bolt by Vehumet.
 10722 | D:11     | Learned a level 5 spell: Venom Bolt
 10755 | D:11     | Noticed a seven-headed hydra
 10761 | D:11     | Killed a seven-headed hydra
 10761 | D:11     | Reached skill level 17 in Spellcasting
 10883 | D:11     | Noticed Sonja
 10898 | D:11     | Killed Sonja
 10974 | D:11     | Learned a level 5 spell: Borgnjor's Vile Clutch
 10978 | D:11     | Learned a level 3 spell: Regeneration
 10997 | D:11     | Noticed a white ugly thing
 10998 | D:11     | Noticed a white ugly thing
 10999 | D:11     | Noticed a green ugly thing
 11005 | D:11     | Killed a white ugly thing
 11011 | D:11     | Killed a white ugly thing
 11011 | D:11     | Reached skill level 10 in Conjurations
 11167 | D:11     | Killed a brown ugly thing
 11249 | D:11     | Noticed a purple ugly thing
 11266 | D:11     | Reached ***** piety under Vehumet
 11266 | D:11     | Offered knowledge of Freezing Cloud by Vehumet.
 11312 | D:11     | Killed a purple ugly thing
 11390 | D:11     | Reached skill level 18 in Spellcasting
 11390 | D:11     | Reached XP level 12. HP: 64/68 MP: 36/36
 11436 | D:11     | Reached skill level 5 in Fighting
 11447 | D:11     | Noticed a purple very ugly thing
 11459 | D:11     | Reached XP level 13. HP: 72/72 MP: 26/37
 11469 | D:11     | Killed a purple very ugly thing
 11548 | D:11     | Identified the +6 flail of Oxzox {freeze, *Contam *Corrode +Inv Int+5} (You found it on level 11 of the Dungeon)
 11607 | D:11     | Reached skill level 19 in Spellcasting
 12017 | D:12     | Noticed a war gargoyle
 12017 | D:12     | Noticed a fire giant
 12049 | D:12     | Killed a war gargoyle
 12169 | D:12     | Killed a fire giant
 12546 | D:12     | Noticed Snorg
 12564 | D:12     | Killed Snorg
 12984 | D:12     | Found a staircase to the Orcish Mines.
 13118 | D:13     | Noticed a sphinx
 13124 | D:13     | Killed a sphinx
 13124 | D:13     | Slain by a red ugly thing

Skill      XL: |  1  2  3  4  5  6  7  8  9 10 11 12 13 |
---------------+----------------------------------------+-----
Spellcasting   | 4 7 8 9 10 12 15 16 18 19 | 19.8
Conjurations   | 5 6 7 8 9 10 11 | 11.6
Translocations | 1 3 4 |  4.6
Summonings     | 2 4 |  4.1
Earth Magic    | 3 6 7 |  7.3
Long Blades    | 1 4 |  4.5
Fighting       | 4 5 6 |  6.6
Dodging        | |  2.4
Stealth        | |  2.4

Action                   |  1- 3 |  4- 6 |  7- 9 | 10-12 | 13-15 || total
-------------------------+-------+-------+-------+-------+-------++-------
Melee: Short sword       |     3 |     1 |       |    11 |       ||    15
       Scimitar          |       |       |       |    12 |     7 ||    19
 Cast: Magic Dart        |    46 |    87 |   205 |   132 |    47 ||   517
       Searing Ray       |     2 |    27 |    43 |     9 |     2 ||    83
       Dazzling Spray    |       |     1 |    24 |       |       ||    25
       Iskenderun's Myst |       |       |    26 |   123 |    89 ||   238
       Mephitic Cloud    |       |       |    12 |    35 |     9 ||    56
       Blink             |       |       |     2 |     2 |     3 ||     7
       Force Lance       |       |       |     1 |    32 |    25 ||    58
       Call Imp          |       |       |       |     6 |       ||     6
  Use: Scroll            |       |    10 |     4 |    12 |     4 ||    30
       Potion            |       |     3 |     4 |     9 |     4 ||    20
  Eat: Chunk             |       |     4 |     9 |     8 |     5 ||    26
       Ration            |       |     1 |     1 |     1 |       ||     3
Armor: Robe              |       |    22 |    25 |    30 |    60 ||   137
Dodge: Dodged            |     8 |    41 |    45 |    66 |    30 ||   190
       Rpst.: Scimitar   |       |       |       |    10 |    10 ||    20
